Map: Hardwire LE

Players

Morretarted

  • Race: Protoss Protoss
  • League: Gold
  • Spawn Location: 7:00

Pumba - Winner!

  • Race: Protoss Protoss
  • League: Platinum
  • Spawn Location: 1:00

VOD

Have the link to the VOD?

Description

Time

  • Played on: Feb. 8, 2022, 6:03 p.m.
  • Length: 4:38
Show
View Real Time Build Order
Export as new Build Order

Morretarted Protoss 

Build Orders: Cannon Rush 

Get SALT Encoding   

  12  0:00  Probe  
  13  0:14  Pylon  
  13  0:17  Probe  
  14  0:29  Probe  
  14  0:35  Forge  
  15  0:59  Pylon  
  15  1:29  Photon Cannon  
  15  1:33  Photon Cannon  
  15  1:34  Photon Cannon  
  15  1:59  Pylon  
  14  2:11  Pylon  
  14  2:30  Photon Cannon  
  14  2:31  Photon Cannon  
  14  3:06  Nexus  
  14  3:09  Pylon  
  14  3:11  Probe, Gateway  
  15  3:18  Gateway  
  15  3:23  Probe  
  15  3:24  Assimilator  
  16  3:32  Photon Cannon  
  16  3:35  Probe  
  17  3:47  Probe  
  18  3:59  Zealot (Chrono Boost)  
Show
View Real Time Build Order
Export as new Build Order

Pumba Protoss - Winner!

Build Orders:  

Get SALT Encoding   

  12  0:00  Probe  
  13  0:12  Probe  
  14  0:17  Pylon  
  14  0:25  Probe  
  15  0:37  Probe (Chrono Boost)  
  16  0:43  Gateway  
  16  0:49  Probe (Chrono Boost)  
  17  0:50  Assimilator  
  17  0:54  Probe (Chrono Boost)  
  18  0:58  Assimilator  
  18  1:03  Probe (Chrono Boost)  
  19  1:15  Probe (Chrono Boost)  
  20  1:19  Gateway  
  20  1:22  Probe (Chrono Boost)  
  21  1:29  Probe  
  21  1:30  Cybernetics Core  
  22  1:40  Pylon  
  22  1:58  Zealot  
  23  2:05  Warp Gate (Chrono Boost)  
  23  2:07  Stalker  
  24  2:12  Pylon  
  24  2:16  Probe  
  25  2:34  Stalker  
  25  2:35  Pylon  
  25  2:36  Probe  
  28  2:38  Pylon  
  28  2:42  Pylon  
  28  2:48  Stalker  
  30  2:59  Gateway  
  30  3:11  Stalker  
  32  3:41  Stalker  
  34  3:51  Stalker  
  36  3:56  Shield Battery  
  36  3:57  Shield Battery  
  36  3:58  Stalker  
  36  3:59  Shield Battery  
  38  4:29  Stalker  
  38  4:30  Stalker x2  
Tags
 
Add a new tag
Caveats
  • Supply blocks, unpowered buildings, or Contaminate may cause inaccurate times.
  • Supply counts are checked every 10 seconds.